 Dungeon Crawl Stone Soup version 0.28-a0-691-gad6df49e81 (webtiles) character file.

Game seed: 15868108079794123533

30 MirrMurr the Sneak (level 3, -5/16 HPs)
             Began as a Spriggan Enchanter on Oct 21, 2021.
             Slain by a gnoll (7 damage)
             ... on level 2 of the Dungeon.
             The game lasted 00:02:57 (2236 turns).

MirrMurr the Sneak (Spriggan Enchanter)             Turns: 2236, Time: 00:02:57

Health: -5/16      AC:  2    Str:  5    XL:     3   Next: 3%
Magic:  8/8        EV: 17    Int: 16    God:
Gold:   28         SH:  0    Dex: 15    Spells: 2/7 levels left

rFire   . . .      SeeInvis +   a - +0 dagger (speed)
rCold   . . .      Faith    .   (shield restricted)
rNeg    . . .      Spirit   .   b - +0 robe
rPois   .          Reflect  .   (helmet restricted)
rElec   .          Harm     .   (no cloak)
rCorr   .          Rampage  .   (gloves unavailable)
Will    .....                   (boots unavailable)
Stlth   +++.......              (no amulet)
HPRegen 0.05/turn               (no ring)
MPRegen 0.11/turn               (no ring)

@: very quick
A: very small, no large weapons, unfitting armour, see invisible, speed 3
a: no special abilities


You were on level 2 of the Dungeon.
You visited 1 branch of the dungeon, and saw 2 of its levels.

You collected 28 gold pieces.

Inventory:

Hand Weapons
 a - a +0 dagger of speed (weapon)
 w - a +1 dagger
Missiles
 f - 5 stones (quivered)
 h - 3 curare-tipped darts
 j - 14 poisoned darts
Armour
 b - a +0 robe (worn)
Scrolls
 e - a scroll of identify {unknown}
 i - a scroll of summoning {unknown}
 k - a scroll of amnesia {unknown}
Potions
 c - a potion of invisibility
 d - 2 potions of curing {unknown}
 g - a potion of resistance {unknown}


   Skills:
 + Level 2.4 Short Blades
 - Level 2.6 Dodging
 + Level 5.5 Stealth
 - Level 2.6 Spellcasting
 - Level 3.6 Hexes


You had 2 spell levels left.
You knew the following spells:

 Your Spells              Type           Power      Damage    Failure   Level
a - Ensorcelled Hibernat  Hex/Ice        14%        N/A       14%         2
b - Confusing Touch       Hex            13%        N/A       13%         3

Your spell library contained the following spells:

 Spells                   Type           Power      Damage    Failure   Level
 Magic Dart               Conj           8%         1d3       19%         1
 Call Imp                 Summ           2%         N/A       28%         2
 Tukima's Dance           Hex            13%        N/A       13%         3
 Dazzling Flash           Conj/Hex       14%        N/A       28%         3
 Ignite Poison            Fire/Tmut/Pois 2%         N/A       50%         3
 Mephitic Cloud           Conj/Pois/Air  2%         N/A       50%         3
 Freezing Cloud           Conj/Ice/Air   1%         6-21      99%         5


Dungeon Overview and Level Annotations

Branches:
Dungeon (2/15)

Altars:


Innate Abilities, Weirdness & Mutations

You are very small and have problems with some larger weapons.
You are too small for most types of armour.
You have supernaturally acute eyesight. (SInv)
You cover ground extremely quickly. (Speed+++)


Message History

You feel stronger.
A kobold comes into view. It is wielding a +0 club.
The kobold completely misses you.
There is a stone staircase leading up here.
The kobold completely misses you.
You climb upwards.
There is a stone staircase leading down here.
Casting: Ensorcelled Hibernation (safe; 14% risk of failure)
Confirm with . or Enter, or press ? or * to list all spells.
Aiming: Ensorcelled Hibernation (safe; 14% risk of failure)
Press: ? - help, Shift-Dir - straight line, f - kobold
Aim: a kobold, wielding a +0 short sword and quivering stones (chance to affect: 56%)
You miscast Ensorcelled Hibernation.
You are very lightly contaminated with residual magic.
Nothing appears to happen.
The kobold misses you.
Casting: Ensorcelled Hibernation (safe; 14% risk of failure)
Confirm with . or Enter, or press ? or * to list all spells.
Aiming: Ensorcelled Hibernation (safe; 14% risk of failure)
Press: ? - help, Shift-Dir - straight line, f/p - kobold
Aim: a kobold, wielding a +0 short sword and quivering stones (chance to affect: 56%)
The kobold looks drowsy...
The helpless kobold fails to defend itself.
You impale the kobold!!
You kill the kobold!
This spell is potentially lethal to cast!
Memorise Confusing Touch, consuming 3 spell levels and leaving 2?
You start memorising the spell.
You continue memorising. x3
You finish memorising.
Spell assigned to 'b'.
Okay, then.
Unknown command.
You start resting.
Your magical contamination has completely faded away.
You start resting.
HP restored.
Unknown command.
You climb downwards.
The quokka bites you. The gnoll hits you with a +0 flail!
Ouch! That really hurt!
* * * LOW HITPOINT WARNING * * *
The quokka misses you. The gnoll hits you with a +0 flail!
You die...

#..........
#..(.......
##.....g....
......g....
#...?......
#..........
#..........
#..........
#r@........
##g########
... ##.##
#.# #.. ###


You could see 3 gnolls and a quokka.

Vanquished Creatures
  2 endoplasms
  A giant cockroach (D:1)
  6 goblins (D:1)
  A hobgoblin (D:1)
  5 kobolds (D:1)
  3 quokkas (D:1)
  A ball python (D:1)
  2 bats (D:1)
  4 frilled lizards (D:1)
  2 rats (D:1)
27 creatures vanquished.

Vanquished Creatures (others)
  110 plants (D:1)
110 creatures vanquished.

Grand Total: 137 creatures vanquished

Notes
Turn   | Place    | Note
-------+----------+-------------------------------------------
     0 | D:1      | MirrMurr the Spriggan Enchanter began the quest for the
                  | Orb.
     0 | D:1      | Reached XP level 1. HP: 9/9 MP: 5/5
   818 | D:1      | Reached XP level 2. HP: 8/13 MP: 6/6
   821 | D:1      | Learned a level 2 spell: Ensorcelled Hibernation
   885 | D:1      | Reached skill level 5 in Stealth
  2194 | D:2      | Reached XP level 3. HP: 14/16 MP: 8/8
  2205 | D:1      | Learned a level 3 spell: Confusing Touch
  2236 | D:2      | Slain by a gnoll

Illustrated notes

Levels and vault maps discovered:
D:1:      roderic_crop_circles_arrival_small, layout_basic
D:2:      layout_basic, minmay_tall_x

Skill      XL: |  1  2 |
---------------+-------+-----
Stealth        | 5 |  5.5
Short Blades   | 2 |  2.4
Dodging        | |  2.6
Spellcasting   | |  2.6
Hexes          | |  3.6

Action                   || total
-------------------------++-------
Melee: Dagger            ||   100
 Cast: Ensorcelled Hiber ||     9
 Stab: Sleeping          ||    12
Armor: Robe              ||     9
Dodge: Dodged            ||    77

Table legend: (Time is in decaauts)
 A = Elapsed time spent in this place.
 B = Non-inter-level travel time spent in this place.
 C = Inter-level travel time spent in this place.
 D = Time resting spent in this place.
 E = Time spent auto-exploring this place.
 F = Levels seen in this place.
 G = Mean time per level.
                   A        B        C        D        E       F      G
               +--------+--------+--------+--------+--------+-----+--------+
         Total |   1839 |   1798 |     41 |    154 |   1368 |   2 |  919.5 |
       Dungeon |   1839 |   1798 |     41 |    154 |   1368 |   2 |  919.5 |
               +--------+--------+--------+--------+--------+-----+--------+

Top non-repeatable levels by time:
     D:1: 1495 daAuts
     D:2: 344 daAuts
